 Dungeon Crawl Stone Soup version 0.31-a0-229-g1fc7ce93e2 (webtiles) character file.

Game seed: 663264031122240275

60 Iich the Trooper (level 3, 0/30 HPs)
             Began as a Demonspawn Fighter on July 7, 2023.
             Killed from afar by Sigmund (7 damage)
             ... with a puff of flame
             ... on level 3 of the Dungeon.
             The game lasted 00:02:30 (1946 turns).

Iich the Trooper (Demonspawn Fighter)               Turns: 1946, Time: 00:02:30

Health: 0/30       AC:  9    Str: 16    XL:     3   Next: 82%
Magic:  3/3        EV:  6    Int:  9    God:
Gold:   169        SH:  4    Dex: 14    Spells: 2/2 levels left

rFire   . . .        a - +0 war axe
rCold   . . .        c - +0 buckler
rNeg    . . .        j - +1 chain mail
rPois   +            (no helmet)
rElec   .            (no cloak)
rCorr   .            (no gloves)
SInv    +            (no boots)
Will    .....        (no amulet) Stlth
                     S - ring of see invisible
HPRegen 0.25/turn    P - ring of poison resistance
MPRegen 0.08/turn

%: no passive effects
@: mighty
A: demonic guardian 1
a: no special abilities


You were on level 3 of the Dungeon.
You visited 1 branch of the dungeon, and saw 3 of its levels.

You collected 169 gold pieces.

Inventory:

Hand Weapons
 a - a +0 war axe (weapon)
Armour
 b - a +0 scale mail
 c - a +0 buckler (worn)
 j - a +1 chain mail (worn)
Jewellery
 I - a ring of protection from cold
 N - a ring of positive energy
 P - a ring of poison resistance (right hand)
 S - a ring of see invisible (left hand)
Scrolls
 e - a scroll of poison {unknown}
 h - a scroll of noise {unknown}
 i - a scroll of enchant armour
 l - a scroll of immolation {unknown}
 m - a scroll of brand weapon {unknown}
Potions
 d - a potion of might
 f - a potion of heal wounds {unknown}
 g - 2 potions of haste {unknown}
 k - a potion of curing {unknown}


   Skills:
 + Level 3.6 Fighting
 * Level 3.2 Axes
 - Level 2.6 Armour
 - Level 2.6 Shields


You had 2 spell levels left.
You didn't know any spells.
Your spell library contained the following spells:

 Spells                   Type           Power      Damage    Failure   Level
 Sting                    Tmut/Pois      0%         1d3       100%        1
 Poisonous Vapours        Pois/Air       0%         N/A       100%        2
 Olgreb's Toxic Radiance  Pois           0%         N/A       100%        4


Dungeon Overview and Level Annotations

Branches:
Dungeon (3/15)

Altars:

Annotations:
D:3 Sigmund


Innate Abilities, Weirdness & Mutations

A weak demonic guardian rushes to your aid.


Message History

Your ufetubus barely misses Sigmund.
Your ufetubus hits Sigmund but does no damage.
Your ufetubus completely misses Sigmund.
Your ufetubus closely misses Sigmund.
Sigmund barely misses you.
Your ufetubus hits Sigmund. Your ufetubus misses Sigmund.
Your ufetubus closely misses Sigmund. x2
Sigmund says, "Now you see me, now you don't..."
Sigmund casts a spell.
Sigmund flickers and vanishes for a moment.
Sigmund hits you from afar with a +0 scythe.
You take 4 damage, and have 20/30 hp.
Sigmund hits you from afar with a +0 scythe.
You take 4 damage, and have 16/30 hp.
Sigmund hits you from afar with a +0 scythe.
* * * LOW HITPOINT WARNING * * *
You take 5 damage, and have 11/30 hp.
Sigmund smiles chillingly.
You block Sigmund's attack.
You feel very mighty all of a sudden.
You swap places.
Sigmund hits you with a +0 scythe.
* * * LOW HITPOINT WARNING * * *
You take 3 damage, and have 8/30 hp.
You closely miss Sigmund.
Sigmund is heavily wounded.
Sigmund casts a spell at you.
You are confused.
Sigmund attacks as you move away! Sigmund hits you with a +0 scythe.
* * * LOW HITPOINT WARNING * * *
Your ufetubus disappears in a puff of smoke!
Sigmund hits you but does no damage.
You take 5 damage, and have 3/30 hp.
You bump into the rock wall.
You bump into the rock wall.
Sigmund hits you but does no damage.
You feel less confused. Sigmund gestures at you while chanting.
You resist with significant effort. Sigmund gestures at you while chanting.
The puff of flame hits you!
You die...

.## #.~~....####.##..# ..#
#.~.....# #.###.# #.# #...††.#
#.# #.### #.# #####..# #.#
#...### #.####......####.#
###...###..
#..)...####†..##@###.........#
#..##### #........(.####...##
...# #.........## #.# ##..
#.....@...# # #### #.........#
#.........# ##........#
###<...### #<...# #....#
#....#


You could see Sigmund (invisible).

Vanquished Creatures
  3 adders (D:2)
  2 dart slugs
  2 endoplasms
  5 giant cockroaches
  4 goblins (D:1)
  5 hobgoblins
  4 kobolds
  A frilled lizard (D:3)
  A rat (D:3)
27 creatures vanquished.

Vanquished Creatures (collateral kills)
  A rat (D:3)
1 creature vanquished.

Grand Total: 28 creatures vanquished

Notes
Turn   | Place    | Note
-------+----------+-------------------------------------------
     0 | D:1      | Iich the Demonspawn Fighter began the quest for the Orb.
     0 | D:1      | Reached XP level 1. HP: 18/18 MP: 1/1
   191 | D:1      | Gained mutation: A weak demonic guardian rushes to your
                  | aid. [demonic ancestry]
   191 | D:1      | Reached XP level 2. HP: 24/24 MP: 2/2
   953 | D:2      | Reached XP level 3. HP: 25/29 MP: 3/3
  1492 | D:2      | Found a faded altar of an unknown god.
  1916 | D:3      | Noticed Sigmund
  1946 | D:3      | Killed from afar by Sigmund

Illustrated notes

Levels and vault maps discovered:
D:1:      eino_arrival_water_cross, layout_basic, hangedman_decor_push,
          st_stairs_7, serial_bayou_pond_d
D:2:      layout_basic, shapermc_ecumenical_altar_gd
D:3:      layout_rooms, serial_rivers, chequers_serial_rivers_micro_c,
          chequers_serial_rivers_room_a, chequers_serial_rivers_room_a,
          chequers_serial_rivers_room_a, chequers_serial_rivers_room_b,
          uniq_sigmund

Skill      XL: |  1  2  3 |
---------------+----------+-----
Axes           | 2 3 |  3.2
Fighting       | |  3.6
Armour         | |  2.6
Shields        | |  2.6

Action                     || total
---------------------------++-------
  Melee: War axe           ||    78
    Use: Scroll            ||     1
         Potion            ||     1
 Armour: Scale mail        ||    27
         Chain mail        ||     9
  Dodge: Dodged            ||    27
  Block: Buckler           ||    19

Table legend: (Time is in decaauts)
 A = Elapsed time spent in this place.
 B = Non-inter-level travel time spent in this place.
 C = Inter-level travel time spent in this place.
 D = Time resting spent in this place.
 E = Time spent auto-exploring this place.
 F = Levels seen in this place.
 G = Mean time per level.
                   A        B        C        D        E       F      G
               +--------+--------+--------+--------+--------+-----+--------+
         Total |   1976 |   1915 |     61 |      0 |   1655 |   3 |  658.7 |
       Dungeon |   1976 |   1915 |     61 |      0 |   1655 |   3 |  658.7 |
               +--------+--------+--------+--------+--------+-----+--------+

Top non-repeatable levels by time:
     D:2: 953 daAuts
     D:1: 808 daAuts
     D:3: 214 daAuts
